| TOP OF THE 1ST |
|
New Hampshire Fisher Cats batting - Pitching for Akron RubberDucks : RHP Chris Anderson
|
|
Pitching: RHP Chris Anderson
|
|
|
Batting: SHB Spencer Jones
|
0-0: Ball 1-0: Foul Ball, location: 2F 1-1: Foul Ball, location: 2F 1-2: Foul Ball, location: 2F 1-2: Foul Ball, location: 2F 1-2: Ball 2-2: Strikes out swinging
|
|
Batting: RHB Eddie LaRose
|
0-0: Ball 1-0: Ground out 5-3 (Groundball, 56, EV 80.0 MPH)
|
|
Batting: LHB Ray Whitehead
|
0-0: Swinging Strike 0-1: Ball 1-1: Foul Ball, location: 2F 1-2: Foul Ball, location: 2F 1-2: Ball 2-2: Strikes out looking
|
| Top of the 1st over - 0 runs, 0 hits, 0 errors, 0 left on base; New Hampshire 0 - Akron 0 |
| BOTTOM OF THE 1ST |
|
Akron RubberDucks batting - Pitching for New Hampshire Fisher Cats : RHP Humberto Gutierrez
|
|
Pitching: RHP Humberto Gutierrez
|
|
|
Batting: LHB Nick Welling
|
0-0: Foul Ball, location: 2F 0-1: Ground out U3 (Groundball, 3, EV 105.0 MPH)
|
|
Batting: RHB Reynaldo Herrera
|
0-0: Ball 1-0: Called Strike 1-1: Ball 2-1: Ground out 6-3 (Groundball, 6, EV 102.5 MPH)
|
|
Batting: RHB Harris Leroux
|
0-0: Ball 1-0: Called Strike 1-1: Fly out, F8 (Flyball, 89M, EV 75.6 MPH)
|
| Bottom of the 1st over - 0 runs, 0 hits, 0 errors, 0 left on base; New Hampshire 0 - Akron 0 |
| TOP OF THE 2ND |
|
New Hampshire Fisher Cats batting - Pitching for Akron RubberDucks : RHP Chris Anderson
|
|
Batting: RHB Danny Alberto
|
0-0: Ball 1-0: Foul Ball, location: 2F 1-1: Ball 2-1: Foul Ball, location: 2F 2-2: Ground out 1-3 (Groundball, 15S, EV 62.5 MPH)
|
|
Batting: RHB Lee McKay
|
0-0: Called Strike 0-1: Ball 1-1: Ball 2-1: Called Strike 2-2: Foul Ball, location: 2F 2-2: Foul Ball, location: 2F 2-2: Ball 3-2: Base on Balls
|
|
Batting: RHB Porter Welsh
|
0-0: Ball Lee McKay steals 2nd base 1-0: Ball 2-0: Ground out 4-3 (Groundball, 4S, EV 78.8 MPH) Lee McKay to third
|
|
Batting: RHB Jorge Baret
|
0-0: Called Strike 0-1: Ball 1-1: Called Strike 1-2: SINGLE (Flyball, 7LS, EV 90.6 MPH) Lee McKay scores
|
|
Batting: SHB Justin Veatch
|
0-0: Called Strike Jorge Baret steals 2nd base 0-1: Ball 1-1: Ball 2-1: Ball 3-1: Fly out, F8 (Flyball, 89S, EV 88.8 MPH)
|
| Top of the 2nd over - 1 run, 1 hit, 0 errors, 1 left on base; New Hampshire 1 - Akron 0 |
| BOTTOM OF THE 2ND |
|
Akron RubberDucks batting - Pitching for New Hampshire Fisher Cats : RHP Humberto Gutierrez
|
|
Batting: RHB Christian Blue
|
0-0: Called Strike 0-1: Ball 1-1: Foul Ball, location: 2F 1-2: Fly out, F8 (Flyball, 8RM, EV 91.2 MPH)
|
|
Batting: RHB Mike Plugge
|
0-0: Fly out, F8 (Flyball, 8RXD, EV 90.6 MPH)
|
|
Batting: RHB Matt Thompson
|
0-0: Called Strike 0-1: Foul Ball, location: 2F 0-2: Ball 1-2: Ball 2-2: Foul Ball, location: 2F 2-2: Fly out, F8 (Flyball, 89D, EV 87.5 MPH)
|
| Bottom of the 2nd over - 0 runs, 0 hits, 0 errors, 0 left on base; New Hampshire 1 - Akron 0 |
| TOP OF THE 3RD |
|
New Hampshire Fisher Cats batting - Pitching for Akron RubberDucks : RHP Chris Anderson
|
|
Batting: RHB Cyril Husson
|
0-0: Ball 1-0: Swinging Strike 1-1: Foul Ball, location: 2F 1-2: Ball 2-2: Strikes out looking
|
|
Batting: SHB Spencer Jones
|
0-0: Ground out 6-3 (Groundball, 6, EV 85.6 MPH)
|
|
Batting: RHB Eddie LaRose
|
0-0: SINGLE (Groundball, 4MD, EV 108.1 MPH)
|
|
Batting: LHB Ray Whitehead
|
0-0: Ball Eddie LaRose steals 2nd base 1-0: Fly out, F7 (Line Drive, 7S, EV 91.2 MPH)
|
| Top of the 3rd over - 0 runs, 1 hit, 0 errors, 1 left on base; New Hampshire 1 - Akron 0 |
| BOTTOM OF THE 3RD |
|
Akron RubberDucks batting - Pitching for New Hampshire Fisher Cats : RHP Humberto Gutierrez
|
|
Batting: RHB Greg Harden
|
0-0: Called Strike 0-1: Called Strike 0-2: Ball 1-2: DOUBLE (Line Drive, 7LS, EV 106.9 MPH)
|
|
Batting: RHB Edwin Rivera
|
0-0: Ball 1-0: Ball 2-0: Called Strike 2-1: Ball 3-1: DOUBLE (Line Drive, 5D, EV 110.0 MPH) Greg Harden scores
|
|
Batting: RHB Tony Ramirez
|
0-0: Swinging Strike 0-1: Ball 1-1: Ball 2-1: Ground out 4-3 (Groundball, 4S, EV 83.8 MPH) Edwin Rivera to third
|
|
Batting: LHB Nick Welling
|
0-0: Ball 1-0: Ground out U3 (Groundball, 23, EV 79.4 MPH)
|
|
Batting: RHB Reynaldo Herrera
|
0-0: Ball 1-0: Called Strike 1-1: Ball 2-1: Ball 3-1: Swinging Strike 3-2: Strikes out swinging
|
| Bottom of the 3rd over - 1 run, 2 hits, 0 errors, 1 left on base; New Hampshire 1 - Akron 1 |
| TOP OF THE 4TH |
|
New Hampshire Fisher Cats batting - Pitching for Akron RubberDucks : RHP Chris Anderson
|
|
Batting: RHB Danny Alberto
|
0-0: Swinging Strike 0-1: Foul Ball, location: 2F 0-2: DOUBLE (Groundball, 5L, EV 96.2 MPH)
|
|
Batting: RHB Lee McKay
|
0-0: Foul Ball, location: 2F 0-1: Ball 1-1: Foul Ball, location: 2F 1-2: Ball 2-2: SINGLE (Flyball, 7LS, EV 90.6 MPH) Danny Alberto to third
|
|
Batting: RHB Porter Welsh
|
0-0: Ball Lee McKay steals 2nd base 1-0: Fly out, F6 (Popup, 6M, EV 68.8 MPH)
|
|
Batting: RHB Jorge Baret
|
0-0: Called Strike 0-1: SINGLE (Groundball, 5L, EV 103.8 MPH) (infield hit) Danny Alberto scores Lee McKay to third
|
|
Batting: SHB Justin Veatch
|
0-0: Called Strike Pickoff Throw to First - Error! E1 Lee McKay scores Jorge Baret to second 0-1: SINGLE (Line Drive, 8LS, EV 99.4 MPH) Jorge Baret to third Runner from 3rd tries for Home, SAFE, throw by CF to home
|
|
Batting: RHB Cyril Husson
|
0-0: Ball 1-0: Called Strike 1-1: Ball 2-1: Ball Wild Pitch! Justin Veatch to second 3-1: Foul Ball, location: 2F 3-2: Fly out, F8 (Flyball, 89M, EV 83.1 MPH)
|
|
Batting: SHB Spencer Jones
|
0-0: Ground out 4-3 (Groundball, 4, EV 103.1 MPH)
|
| Top of the 4th over - 3 runs, 4 hits, 1 error, 1 left on base; New Hampshire 4 - Akron 1 |
| BOTTOM OF THE 4TH |
|
Akron RubberDucks batting - Pitching for New Hampshire Fisher Cats : RHP Humberto Gutierrez
|
|
Batting: RHB Harris Leroux
|
0-0: Called Strike 0-1: SOLO HOME RUN (Flyball, 7D, EV 96.9 MPH), Distance : 373 ft
|
|
Batting: RHB Christian Blue
|
0-0: Called Strike 0-1: DOUBLE (Line Drive, 7LS, EV 90.6 MPH)
|
|
Batting: RHB Mike Plugge
|
0-0: Called Strike 0-1: Ball 1-1: Foul Ball, location: 2F 1-2: Ball 2-2: Fly out, F2 (Popup, 23F, EV 91.2 MPH)
|
|
Batting: RHB Matt Thompson
|
0-0: Ball 1-0: Called Strike Christian Blue steals 3rd base 1-1: Called Strike 1-2: Ball 2-2: Foul Ball, location: 2F 2-2: Foul Ball, location: 2F 2-2: Foul Ball, location: 2F 2-2: Hit by Pitch
|
|
Batting: RHB Greg Harden
|
0-0: Ball 1-0: Ball 2-0: Called Strike 2-1: Swinging Strike Pickoff Throw by Catcher to First - Out! 2-2: Strikes out swinging
|
| Bottom of the 4th over - 1 run, 2 hits, 0 errors, 1 left on base; New Hampshire 4 - Akron 2 |
| TOP OF THE 5TH |
|
New Hampshire Fisher Cats batting - Pitching for Akron RubberDucks : RHP Chris Anderson
|
|
Batting: RHB Eddie LaRose
|
0-0: Ball 1-0: Ball 2-0: Ground out 4-3 (Groundball, 4, EV 105.0 MPH)
|
|
Batting: LHB Ray Whitehead
|
0-0: Called Strike 0-1: Called Strike 0-2: Strikes out swinging
|
|
Batting: RHB Danny Alberto
|
0-0: Called Strike 0-1: Foul Ball, location: 2F 0-2: Ball 1-2: Ball 2-2: Ground out 5-3 (Groundball, 56S, EV 83.1 MPH)
|
| Top of the 5th over - 0 runs, 0 hits, 0 errors, 0 left on base; New Hampshire 4 - Akron 2 |
| BOTTOM OF THE 5TH |
|
Akron RubberDucks batting - Pitching for New Hampshire Fisher Cats : RHP Humberto Gutierrez
|
|
Batting: RHB Edwin Rivera
|
0-0: Ball 1-0: Swinging Strike 1-1: Foul Ball, location: 2F 1-2: Foul Ball, location: 2F 1-2: Foul Ball, location: 2F 1-2: Ball 2-2: Ball 3-2: Strikes out swinging
|
|
Batting: RHB Tony Ramirez
|
0-0: Called Strike 0-1: Called Strike 0-2: Foul Ball, location: 2F 0-2: Ball 1-2: Fly out, F8 (Flyball, 8RD, EV 98.1 MPH)
|
|
Batting: LHB Nick Welling
|
0-0: Ball 1-0: Ball 2-0: Foul Ball, location: 2F 2-1: Ground out 4-3 (Groundball, 4, EV 96.9 MPH)
|
| Bottom of the 5th over - 0 runs, 0 hits, 0 errors, 0 left on base; New Hampshire 4 - Akron 2 |
| TOP OF THE 6TH |
|
New Hampshire Fisher Cats batting - Pitching for Akron RubberDucks : RHP Chris Anderson
|
|
Batting: RHB Lee McKay
|
0-0: Called Strike 0-1: Ball 1-1: Swinging Strike 1-2: Foul Ball, location: 2F 1-2: Foul Ball, location: 2F 1-2: Ground out 4-3 (Groundball, 4M, EV 83.1 MPH)
|
|
Batting: RHB Porter Welsh
|
0-0: Foul Ball, location: 2F 0-1: Foul Ball, location: 2F 0-2: Ball 1-2: Fly out, F7 (Flyball, 78D, EV 100.0 MPH)
|
|
Batting: RHB Jorge Baret
|
0-0: Called Strike 0-1: Ball 1-1: Ball 2-1: Ground out 4-3 (Groundball, 4, EV 86.2 MPH)
|
| Top of the 6th over - 0 runs, 0 hits, 0 errors, 0 left on base; New Hampshire 4 - Akron 2 |
| BOTTOM OF THE 6TH |
|
Akron RubberDucks batting - Pitching for New Hampshire Fisher Cats : RHP Humberto Gutierrez
|
|
Pitching: LHP Doug Axelsen
|
|
|
Batting: RHB Reynaldo Herrera
|
0-0: Ball 1-0: SINGLE (Flyball, 89S, EV 93.8 MPH)
|
|
Batting: RHB Harris Leroux
|
0-0: Grounds into double play, 5-4-3 (Groundball, 56S, EV 90.0 MPH)
|
|
Batting: RHB Christian Blue
|
0-0: Called Strike 0-1: Foul Ball, location: 2F 0-2: Foul Ball, location: 2F 0-2: Foul Ball, location: 2F 0-2: Ball 1-2: Ball 2-2: Fly out, F9 (Flyball, 9, EV 84.4 MPH)
|
| Bottom of the 6th over - 0 runs, 1 hit, 0 errors, 0 left on base; New Hampshire 4 - Akron 2 |
| TOP OF THE 7TH |
|
New Hampshire Fisher Cats batting - Pitching for Akron RubberDucks : RHP Chris Anderson
|
|
Pitching: RHP Nelson Peregrina
|
|
|
Batting: SHB Justin Veatch
|
0-0: Called Strike 0-1: Called Strike 0-2: Strikes out swinging
|
|
Batting: RHB Cyril Husson
|
0-0: Foul Ball, location: 2F 0-1: Ball 1-1: Ground out 6-3 (Groundball, 56, EV 85.6 MPH)
|
|
Batting: SHB Spencer Jones
|
0-0: Ball 1-0: Ball 2-0: Foul Ball, location: 2F 2-1: Foul Ball, location: 2F 2-2: Ball 3-2: Strikes out swinging
|
| Top of the 7th over - 0 runs, 0 hits, 0 errors, 0 left on base; New Hampshire 4 - Akron 2 |
| BOTTOM OF THE 7TH |
|
Akron RubberDucks batting - Pitching for New Hampshire Fisher Cats : LHP Doug Axelsen
|
|
Batting: RHB Mike Plugge
|
0-0: Ball 1-0: Swinging Strike 1-1: Ground out 5-3 (Groundball, 56, EV 108.1 MPH)
|
|
Batting: RHB Matt Thompson
|
0-0: Fly out, F9 (Flyball, 9LD, EV 103.8 MPH)
|
|
Batting: RHB Greg Harden
|
0-0: Ball 1-0: Foul Ball, location: 2F 1-1: Ball 2-1: Fly out, F9 (Flyball, 9S, EV 91.9 MPH)
|
| Bottom of the 7th over - 0 runs, 0 hits, 0 errors, 0 left on base; New Hampshire 4 - Akron 2 |
| TOP OF THE 8TH |
|
New Hampshire Fisher Cats batting - Pitching for Akron RubberDucks : RHP Nelson Peregrina
|
|
Batting: RHB Eddie LaRose
|
0-0: Called Strike 0-1: Ball 1-1: Swinging Strike 1-2: SOLO HOME RUN (Flyball, 9D, EV 97.5 MPH), Distance : 370 ft
|
|
Batting: LHB Ray Whitehead
|
0-0: Foul Ball, location: 2F 0-1: Ball 1-1: Ball 2-1: Ground out U3 (Groundball, 34S, EV 90.6 MPH)
|
|
Batting: RHB Danny Alberto
|
0-0: Called Strike 0-1: Ball 1-1: Fly out, F3 (Popup, 3SF, EV 85.6 MPH)
|
|
Batting: RHB Lee McKay
|
0-0: Ball 1-0: Swinging Strike 1-1: Called Strike 1-2: Ball 2-2: Strikes out swinging
|
| Top of the 8th over - 1 run, 1 hit, 0 errors, 0 left on base; New Hampshire 5 - Akron 2 |
| BOTTOM OF THE 8TH |
|
Akron RubberDucks batting - Pitching for New Hampshire Fisher Cats : LHP Doug Axelsen
|
|
Pitching: RHP Luis Bautista
|
|
|
Batting: RHB Edwin Rivera
|
0-0: Ball 1-0: Called Strike 1-1: Ball 2-1: Called Strike 2-2: Strikes out swinging
|
|
Batting: RHB Tony Ramirez
|
0-0: Ball 1-0: Ground out 5-3 (Groundball, 5, EV 110.6 MPH)
|
|
Batting: LHB Nick Welling
|
0-0: Swinging Strike 0-1: Foul Ball, location: 2F 0-2: Ball 1-2: Strikes out swinging
|
| Bottom of the 8th over - 0 runs, 0 hits, 0 errors, 0 left on base; New Hampshire 5 - Akron 2 |
| TOP OF THE 9TH |
|
New Hampshire Fisher Cats batting - Pitching for Akron RubberDucks : RHP Nelson Peregrina
|
|
Pitching: RHP Corey Rizzuto
|
|
|
Batting: RHB Porter Welsh
|
0-0: Ball 1-0: Foul Ball, location: 2F 1-1: Foul Ball, location: 2F 1-2: Ball 2-2: Ground out 4-3 (Groundball, 4S, EV 70.0 MPH)
|
|
Batting: RHB Jorge Baret
|
0-0: Called Strike 0-1: Ball 1-1: Ball 2-1: Called Strike 2-2: Ball 3-2: Strikes out swinging
|
|
Batting: SHB Justin Veatch
|
0-0: Ball 1-0: Ball 2-0: Called Strike 2-1: Hit by Pitch
|
|
Batting: RHB Cyril Husson
|
0-0: Ball 1-0: Called Strike Justin Veatch steals 2nd base 1-1: Swinging Strike 1-2: Strikes out swinging
|
| Top of the 9th over - 0 runs, 0 hits, 0 errors, 1 left on base; New Hampshire 5 - Akron 2 |
| BOTTOM OF THE 9TH |
|
Akron RubberDucks batting - Pitching for New Hampshire Fisher Cats : RHP Luis Bautista
|
|
Batting: RHB Reynaldo Herrera
|
0-0: Foul Ball, location: 2F 0-1: Called Strike 0-2: Ball 1-2: Ball 2-2: Ball 3-2: Strikes out swinging
|
|
Batting: RHB Harris Leroux
|
0-0: Ball 1-0: Ball 2-0: Called Strike 2-1: DOUBLE (Line Drive, 7LM, EV 103.1 MPH)
|
|
Batting: RHB Christian Blue
|
0-0: Foul Ball, location: 2F 0-1: Ball 1-1: Called Strike 1-2: Ground out U3 (Groundball, 3S, EV 86.9 MPH) Harris Leroux to third
|
|
Batting: RHB Mike Plugge
|
0-0: Foul Ball, location: 2F 0-1: Ground out 6-3 (Groundball, 6M, EV 77.5 MPH)
|
| Bottom of the 9th over - 0 runs, 1 hit, 0 errors, 1 left on base; New Hampshire 5 - Akron 2 |
|